 Dungeon Crawl Stone Soup version 0.29.1-4-g47bece8355 (webtiles) character file.

Game seed: 11162700699845970931

81 DoIIoM the Sneak (level 4, -2/28 HPs)
             Began as an Octopode Earth Elementalist on Dec 2, 2022.
             Slain by an orc
             ... wielding a +0 mace
              (7 damage)
             ... on level 2 of the Dungeon.
             The game lasted 00:03:01 (1611 turns).

DoIIoM the Sneak (Octopode Earth Elementalist)      Turns: 1611, Time: 00:03:01

Health: -2/28      AC:  1    Str:  7    XL:     4   Next: 40%
Magic:  1/7        EV: 13    Int: 19    God:
Gold:   93         SH:  0    Dex: 12    Spells: 4/8 levels left

rFire   . . .      SeeInvis .   d - +0 dagger
rCold   . . .      Faith    .   (no shield)
rNeg    . . .      Spirit   .   (helmet restricted)
rPois   .          Reflect  .   (no amulet)
rElec   .          Harm     .   (no ring)
rCorr   .          Rampage  .   (no ring)
Will    .....                   (no ring)
Stlth   +++.......              (no ring)
HPRegen 0.09/turn               (no ring)
MPRegen 0.10/turn               (no ring)
                                (no ring)
                                (no ring)

@: no status effects
A: almost no armour, amphibious, 8 rings, camouflage 1, gelatinous body 1,
(nimble swimmer 1), tentacles
a: no special abilities


You were on level 2 of the Dungeon.
You visited 1 branch of the dungeon, and saw 2 of its levels.

You collected 93 gold pieces.

Inventory:

Hand Weapons
 d - a +0 dagger (weapon)
Scrolls
 g - 3 scrolls of amnesia
 h - 2 scrolls of identify
 i - a scroll of magic mapping {unknown}
 k - 2 scrolls of teleportation {unknown}
 l - a scroll of noise {unknown}
Potions
 a - a potion of magic
 b - a potion of ambrosia
 c - 2 potions of heal wounds
 e - a potion of resistance {unknown}
 f - a potion of curing {unknown}
 j - a potion of lignification {unknown}


   Skills:
 + Level 1.4 Fighting
 - Level 2.0 Dodging
 + Level 3.7 Stealth
 + Level 2.5 Spellcasting
 + Level 1.9 Transmutations
 + Level 3.4 Earth Magic


You had 4 spell levels left.
You knew the following spells:

 Your Spells              Type           Power      Damage    Failure   Level
a - Sandblast             Erth           30%        2d9       3%          1
b - Stone Arrow           Conj/Erth      18%        3d8       24%         3

Your spell library contained the following spells:

 Spells                   Type           Power      Damage    Failure   Level
 Passwall                 Tmut/Erth      10%        N/A       8%          2
 Petrify                  Tmut/Erth      12%        N/A       45%         4


Dungeon Overview and Level Annotations

Branches:
Dungeon (2/15)

Altars:
Trog


Innate Abilities, Weirdness & Mutations

You cannot wear most types of armour.
You are amphibious.
You can wear up to eight rings at the same time.
Your skin changes colour to match your surroundings (Stealth+).
Your rubbery body absorbs attacks. (AC +1, EV +1)
((You are camouflaged when in or above water. (Stealth+)))
You have tentacles for arms and can constrict up to eight enemies at once.


Message History

The orc hits you with a +0 short sword.
Casting: Sandblast (safe; 3% risk of failure)
Confirm with . or Enter, or press ? or * to list all spells.
Aiming: Sandblast (safe; 3% risk of failure)
Press: ? - help, Shift-Dir - straight line, f/p - orc
Aim: an orc, wielding a +0 short sword and wearing a +0 scale mail (lightly wounded, 84% to hit)
The blast of sand hits the orc but does no damage.
The orc is lightly wounded.
The orc hits you with a +0 short sword. x2
Unknown command.
Casting: Sandblast (safe; 3% risk of failure)
Confirm with . or Enter, or press ? or * to list all spells.
Aiming: Sandblast (safe; 3% risk of failure)
Press: ? - help, Shift-Dir - straight line, f/p - orc
Aim: an orc, wielding a +0 short sword and wearing a +0 scale mail (lightly wounded, 84% to hit)
The blast of sand hits the orc but does no damage.
The orc is lightly wounded.
The orc completely misses you.
You hit the orc but do no damage. You grab the orc.
The orc is lightly wounded.
You constrict the orc, but do no damage.
The orc closely misses you.
Unknown command.
You hit the orc. You squeeze the orc, but do no damage.
The orc is moderately wounded.
You constrict the orc, but do no damage.
The orc closely misses you.
You hit the orc but do no damage. You squeeze the orc.
The orc is almost dead.
You constrict the orc, but do no damage.
The orc hits you with a +0 short sword.
You hit the orc but do no damage. You squeeze the orc.
You kill the orc!
You barely miss the orc. Your grab misses the orc.
The orc hits you with a +0 mace!
* * * LOW HITPOINT WARNING * * *
Unknown command.
You barely miss the orc. Your grab misses the orc.
The orc hits you with a +0 mace!
You die...

#..... #.##( #.# #.##
## #. #.. #.. ...#.
.[. # #.# #.#.## #.#
# #.# #....# #o# .##
# #.#
##....###@##.... #.#
#.............# #.#
#........).....# ##.#
#........_...=.# ...#
###...#.....[#.# ##.#
#...#......# # #.#
##.####.##.#
#.########.........#
##.#.................


You could see an orc.

Vanquished Creatures
  Terence (D:2)
  An adder (D:2)
  A worm (D:2)
  2 dart slugs (D:2)
  3 orcs (D:2)
  4 endoplasms (D:1)
  A giant cockroach (D:2)
  4 goblins
  A hobgoblin (D:2)
  3 kobolds (D:1)
  2 quokkas
  7 ball pythons
  2 bats (D:1)
  4 rats
36 creatures vanquished.

Notes
Turn   | Place    | Note
-------+----------+-------------------------------------------
     0 | D:1      | DoIIoM the Octopode Earth Elementalist began the quest for
                  | the Orb.
     0 | D:1      | Reached XP level 1. HP: 11/11 MP: 3/3
   160 | D:1      | Reached XP level 2. HP: 18/18 MP: 1/5
  1086 | D:2      | Reached XP level 3. HP: 22/22 MP: 6/6
  1090 | D:2      | Learned a level 3 spell: Stone Arrow
  1165 | D:2      | Reached skill level 1 in Fighting
  1426 | D:2      | Noticed Terence
  1431 | D:2      | Killed Terence
  1432 | D:2      | Reached XP level 4. HP: 25/28 MP: 2/7
  1591 | D:2      | Found a bloodstained altar of Trog.
  1611 | D:2      | Slain by an orc

Illustrated notes

Levels and vault maps discovered:
D:1:      evilmike_arrival_rings, layout_loops_ring
D:2:      layout_loops_ring, basic_altar, shapermc_ecumenical_altar_ellora,
          uniq_terence

Skill      XL: |  1  2  3 |
---------------+----------+-----
Stealth        | 3 |  3.7
Fighting       | 1 |  1.4
Dodging        | |  2.0
Spellcasting   | |  2.5
Transmutations | |  1.9
Earth Magic    | |  3.4

Action                   |  1- 3 |  4- 6 || total
-------------------------+-------+-------++-------
Melee: Dagger            |    37 |    15 ||    52
       Constrict         |     8 |     4 ||    12
       Tentacles         |     8 |     3 ||    11
       Punch             |     1 |       ||     1
 Cast: Sandblast         |    15 |     7 ||    22
  Use: Scroll            |     3 |       ||     3
 Stab: Sleeping          |     6 |     1 ||     7
Armor: Skin              |     5 |       ||     5
Dodge: Dodged            |    25 |    10 ||    35
